 Dungeon Crawl Stone Soup version 0.26.0-45-g9c1d065592 (webtiles) character file.

Game seed: 326546896631412414

(classic levelgen) 218 thiole the Magician (level 5, -2/36 HPs)
             Began as an Octopode Hedge Wizard on Jan 28, 2021.
             Shot with a stone by a goblin (5 damage)
             ... led by Robin
             ... on level 4 of the Dungeon.
             The game lasted 00:09:42 (3761 turns).

thiole the Magician (Octopode Hedge Wizard)         Turns: 3761, Time: 00:09:43

Health: -2/36      AC:  1    Str: 10    XL:     5   Next: 95%
Magic:  3/9        EV: 13    Int: 17    God:
Gold:   354        SH:  0    Dex: 11    Spells: 4/10 levels left

rFire    . . .     SeeInvis .   a - +0 dagger
rCold    . . .     Faith    .   (no shield)
rNeg     . . .     Spirit   .   b - +0 hat
rPois    .         Reflect  .   (no amulet)
rElec    .         Harm     .   (no ring)
rCorr    .         Rampage  .   (no ring)
Will     .....                  (no ring)
Stlth    +++.......             (no ring)
HPRegen  0.12/turn              (no ring)
MPRegen  0.11/turn              (no ring)
                                (no ring)
                                (no ring)

@: hasted, very quick
A: almost no armour, stealthy swim, amphibious, 8 rings, constrict 8, camouflage
1, gelatinous body 1
a: no special abilities


You were on level 4 of the Dungeon.
You visited 1 branch of the dungeon, and saw 4 of its levels.

You collected 354 gold pieces.

Inventory:

Hand Weapons
 a - a +0 dagger (weapon)
 d - a +1 short sword of venom
 x - a +0 short sword of freezing
Missiles
 j - 12 sling bullets
 m - 126 stones
Armour
 b - a +0 hat (worn)
Magical Staves
 k - an uncursed staff of poison {unknown}
Jewellery
 g - an uncursed ring of protection from cold {unknown}
 o - an uncursed amulet of magic regeneration
 t - an uncursed ring of flight {unknown}
Scrolls
 c - 4 scrolls of teleportation {unknown}
 e - 2 scrolls of enchant armour {unknown}
 f - 2 scrolls of enchant weapon {unknown}
 h - a scroll of immolation {unknown}
 i - 3 scrolls of identify {unknown}
 l - 2 scrolls of remove curse {unknown}
 q - 4 scrolls of fear {unknown}
 u - a scroll of random uselessness {unknown}
 w - a scroll of blinking {unknown}
 y - 2 scrolls of magic mapping {unknown}
 z - a scroll of amnesia {unknown}
Potions
 n - a potion of resistance {unknown}
 p - 2 potions of brilliance {unknown}
 r - a potion of haste
 s - 2 potions of flight
 v - 2 potions of lignification {unknown}


   Skills:
 - Level 3.0 Fighting
 - Level 2.0 Dodging
 - Level 2.6 Stealth
 - Level 3.0 Spellcasting
 - Level 3.0 Conjurations
 - Level 2.0 Summonings
 - Level 1.0 Translocations
 + Level 2.7 Air Magic


You had 4 spell levels left.
You knew the following spells:

 Your Spells              Type           Power        Failure   Level
a - Magic Dart            Conj           48%          4%          1
b - Call Imp              Summ           9%           12%         2
c - Mephitic Cloud        Conj/Pois/Air  9%           24%         3

Your spell library contained the following spells:

 Spells                   Type           Power        Failure   Level
 Blink                    Tloc           N/A          17%         2
 Slow                     Hex            2%           26%         2
 Conjure Flame            Conj/Fire      7%           28%         3


Dungeon Overview and Level Annotations

Branches:
Dungeon (4/15)
 Temple: D:4-7

Altars:
Dithmenos
Nemelex Xobeh

Annotations:
D:4 Robin


Innate Abilities, Weirdness & Mutations

You cannot wear most types of armour.
You are very stealthy in the water. (Stealth+)
You are amphibious.
You can wear up to eight rings at the same time.
You can use your tentacles to constrict eight enemies at once.
Your skin changes colour to match your surroundings (Stealth+).
Your rubbery body absorbs attacks. (AC +1, EV +1)


Message History

You hit the orc wizard.
The orc wizard is almost dead.
You constrict the orc wizard.
You kill the orc wizard!
The goblin hits you. Robin throws the goblin at you!
The goblin hits you with a +0 club! The goblin barely misses you.
Robin throws the goblin at you!
* * * LOW HITPOINT WARNING * * *
The goblin hits you.
* * * LOW HITPOINT WARNING * * *
The phantom blinks!
The goblin closely misses you.
You see here a glowing dagger.
You feel yourself speed up. The orc barely misses you.
The goblin wields a +0 hunting sling.
The goblin shoots a stone.
The stone hits you.
* * * LOW HITPOINT WARNING * * *
You see here a stone.
The goblin shoots a stone.
The stone hits you.
You die...

#o#######
########o....$..
#...)g.#..# #
#.####.o..##
#.#o#..So....#
#.....g#gg..##.#
###.(......).......
###g.##..###.####
#@.........#
#.###..##### #.#
#..# #.###..#
#......#######
######........
#####.#######
##########
#.........#
#........#
#.###.###.#


You could see Robin (fast), an adder, 4 orcs and 3 goblins.

Vanquished Creatures
  A scorpion (D:4)
  An orc wizard (D:4)
  A gnoll (D:4)
  2 adders
  An ooze (D:2)
  A worm (D:2)
  3 dart slugs
  A leopard gecko (D:2)
  4 orcs (D:3)
  3 bats
  5 goblins
  5 hobgoblins
  A quokka (D:4)
  A ball python (D:4)
  6 frilled lizards
  6 kobolds
  10 rats
52 creatures vanquished.

Vanquished Creatures (collateral kills)
  An ogre (D:4)
  2 gnolls (D:4)
3 creatures vanquished.

Grand Total: 55 creatures vanquished

Notes
Turn   | Place    | Note
-------+----------+-------------------------------------------
     0 | D:1      | thiole the Octopode Hedge Wizard began the quest for the
                  | Orb.
     0 | D:1      | Reached XP level 1. HP: 11/11 MP: 4/4
   222 | D:1      | Reached XP level 2. HP: 17/17 MP: 6/6
   997 | D:2      | Reached XP level 3. HP: 21/21 MP: 0/7
  1299 | D:2      | Reached skill level 1 in Fighting
  1902 | D:3      | Reached XP level 4. HP: 14/29 MP: 1/8
  2507 | D:4      | Found a sparkling altar of Nemelex Xobeh.
  2652 | D:4      | Reached XP level 5. HP: 5/36 MP: 0/9
  3164 | D:4      | Found a shadowy altar of Dithmenos.
  3164 | D:4      | Noticed a phantom
  3409 | D:4      | Noticed an ogre
  3533 | D:4      | Learned a level 2 spell: Call Imp
  3537 | D:4      | Learned a level 3 spell: Mephitic Cloud
  3651 | D:4      | Noticed an ogre
  3659 | D:4      | Killed an ogre
  3742 | D:4      | Noticed Robin
  3761 | D:4      | Shot with a stone by a goblin

Illustrated notes

Levels and vault maps discovered:
D:1:      onia_arrival_pyramid, layout_basic
D:2:      layout_basic, minmay_split_cup_large
D:3:      layout_rooms
D:4:      layout_loops_corners, grunt_dithmenos_shadows, amcnicky_altar_gilded,
          uniq_robin

Skill      XL: |  1  2  3  4  5 |
---------------+----------------+-----
Conjurations   | 2 3 |  3.0
Fighting       | 1 2 3 |  3.0
Summonings     | 2 |  2.0
Air Magic      | 2 |  2.7
Dodging        | |  2.0
Stealth        | |  2.6
Spellcasting   | |  3.0
Translocations | |  1.0

Action                   |  1- 3 |  4- 6 || total
-------------------------+-------+-------++-------
Melee: Dagger            |    33 |    13 ||    46
       Constrict         |     6 |     3 ||     9
       Tentacles         |     5 |       ||     5
 Cast: Magic Dart        |    56 |    33 ||    89
       Call Imp          |       |     6 ||     6
       Mephitic Cloud    |       |     1 ||     1
  Use: Potion            |       |     6 ||     6
 Stab: Sleeping          |     5 |     1 ||     6
       Confused          |       |     2 ||     2
Armor: Skin              |     1 |     1 ||     2
Dodge: Dodged            |    18 |    15 ||    33
